 Dungeon Crawl Stone Soup version 0.30-a0-279-g4b46babb21 (webtiles) character file.

Game seed: 10846077065253064379

9564 themarg the Warrior (level 11, -11/112 HPs)
             Began as a Minotaur Monk on Oct 16, 2022.
             Was a High Priest of Okawaru.
             Killed by vampiric draining
             ... invoked by a vampire
              (14 damage)
             ... in a bailey.
             The game lasted 00:33:55 (9497 turns).

themarg the Warrior (Minotaur Monk)                 Turns: 9497, Time: 00:33:55

Health: -11/112    AC: 11    Str: 20    XL:     11   Next: 24%
Magic:  5/5        EV: 16    Int:  7    God:    Okawaru [*****.]
Gold:   210        SH:  0    Dex: 16    Spells: 10/10 levels left

rFire   + . .      SeeInvis .    R - +9 mace of the Keeping Priest {antimagic, rPois rC- rCorr Dex+3}
rCold   . . .      Faith    .    (no shield)
rNeg    . . .      Spirit   .    L - +0 ring mail {rC+}
rPois   +          Reflect  .    (helmet restricted)
rElec   .          Harm     .    A - +0 cloak
rCorr   +          Rampage  .    F - +0 pair of gloves
Will    .....                    E - +0 pair of boots
Stlth   +.........               K - amulet of regeneration
HPRegen 1.18/turn                e - ring of poison resistance
MPRegen 0.09/turn                j - ring of protection from fire

@: confused, heroic, hasted, very quick
A: horns 2, retaliatory headbutt
a: Renounce Religion, Heroism, Finesse, Duel


You were in a bailey.
You worshipped Okawaru.
Okawaru was extremely pleased with you.
You visited 2 branches of the dungeon, and saw 11 of its levels.
You also visited: Bailey.

You collected 510 gold pieces.
You spent 300 gold pieces at shops.

Inventory:

Hand Weapons
 u - a +3 mace
 x - a +2 mace of venom
 R - the +9 mace of the Keeping Priest (weapon) {antimagic, rPois rC- rCorr Dex+3}
   (You took it off an orc on level 4 of the Dungeon)

   It reduces the magical energy of the wielder, and disrupts the spells and
   magical abilities of those it strikes.
   Natural abilities and divine invocations are not affected.
   Dex:       It affects your dexterity (+3).
   rC:        It makes you vulnerable to cold.
   rPois:     It protects you from poison.
   rCorr:     It protects you from acid and corrosion.
Missiles
 k - 88 stones (quivered)
 n - 9 javelins
 s - 42 poisoned darts
 z - 3 silver javelins
 J - a curare-tipped dart
 O - 2 boomerangs
Armour
 A - a +0 cloak (worn)
 E - a +0 pair of boots (worn)
 F - a +0 pair of gloves (worn)
 L - a +0 ring mail of cold resistance (worn)
Jewellery
 e - a ring of poison resistance (left hand)
 j - a ring of protection from fire (right hand)
 I - a +6 ring of intelligence
 K - an amulet of regeneration (around neck)
 P - a +6 ring of intelligence
Wands
 a - a wand of roots (16)
 y - a wand of flame (47)
 C - a wand of polymorph (12)
 N - a wand of acid (5)
Scrolls
 b - 2 scrolls of brand weapon
 d - 3 scrolls of fear
 f - 4 scrolls of noise
 g - 2 scrolls of amnesia
 h - a scroll of summoning {unknown}
 p - 4 scrolls of vulnerability
 q - 3 scrolls of fog
 B - a scroll of enchant armour {unknown}
 D - a scroll of blinking
 H - a scroll of teleportation
Potions
 c - 7 potions of ambrosia
 i - 6 potions of curing
 l - 2 potions of mutation
 m - a potion of degeneration {unknown}
 r - 4 potions of might
 t - 3 potions of flight
 v - 2 potions of lignification {unknown}
 w - 2 potions of berserk rage
 G - 3 potions of attraction
 M - a potion of resistance {unknown}
 Q - a potion of cancellation {unknown}
 T - a potion of magic {unknown}


   Skills:
 - Level 15.0(20.0) Fighting
 + Level 1.8(8.0) Axes
 - Level 3.6(8.9) Maces & Flails
 - Level 5.0(10.0) Throwing
 - Level 5.0(10.0) Armour
 - Level 5.0(10.0) Dodging
 - Level 2.0(7.0) Stealth
 + Level 8.2 Invocations
 + Level 4.8 Evocations


You had 10 spell levels left.
You didn't know any spells.
Your spell library contained the following spells:

 Spells                   Type           Power      Damage    Failure   Level
 Magic Dart               Conj           0%         1d3       56%         1
 Shock                    Conj/Air       0%         1d3       56%         1
 Sting                    Tmut/Pois      0%         1d3       56%         1
 Ensorcelled Hibernation  Hex/Ice        0%         N/A       71%         2
 Mephitic Cloud           Conj/Pois/Air  0%         N/A       91%         3
 Spider Form              Tmut/Pois      0%         N/A       91%         3
 Swiftness                Air            0%         N/A       91%         3
 Airstrike                Air            0%         2d(0-16)  100%        4
 Anguish                  Hex/Necr       0%         N/A       100%        4
 Yara's Violent Unravell  Hex/Tmut       0%         3d3       100%        5
 Enfeeble                 Hex            0%         N/A       100%        7
 Necromutation            Tmut/Necr      0%         N/A       100%        8
 Call Imp                 Summ           Unusable   N/A       N/A         2

Dungeon Overview and Level Annotations

Branches:
Dungeon (10/15)            Temple (1/1) D:7          Bailey (1/1)
   Lair: D:8-11         Orc: D:9-12

Altars:
Ashenzari
Cheibriados
Dithmenos
Elyvilon
Fedhas
Gozag
Hepliaklqana
Kikubaaqudgha
Makhleb
Nemelex Xobeh
Okawaru
Qazlal
Ru
Sif Muna
Trog
Uskayaw
Vehumet
Wu Jian
Xom
Yredelemnul
Zin
The Shining One

Shops:
D:7 (   D:8 *

Annotations:
D:7 3 runed translucent doors, exclusion: 3 doors, glaedl's ghost, novice DrBe
D:9 2 transporters, SprigganGuy's ghost, journeyman VSBr


Innate Abilities, Weirdness & Mutations

You have a pair of horns on your head.
You reflexively headbutt those who attack you in melee.


Message History

* * * LOW HITPOINT WARNING * * *
Something draws strength from your injuries!
You sock something! You thump something! Your headbutt misses something.
You hit something. Your headbutt misses something. Your punch misses something.
Something hits you!
* * * LOW HITPOINT WARNING * * *
Something bites you.
* * * LOW HITPOINT WARNING * * *
Something draws strength from your injuries!
You are confused.
You feel invigorated. Something hits you.
* * * LOW HITPOINT WARNING * * *
Something bites you but does no damage.
You bump into the stone wall.
You miss something. You headbutt something. Something barely misses you.
Something bites you but does no damage.
You hear some strange, mumbled words.
You are more confused.
Something hits you!
* * * LOW HITPOINT WARNING * * *
You bump into the stone wall.
Something hits you!
* * * LOW HITPOINT WARNING * * *
Something hits you!
* * * LOW HITPOINT WARNING * * *
You're too confused to move!
You feel less invigorated. Something hits you!
* * * LOW HITPOINT WARNING * * *
Something bites you but does no damage.
Found a shiny ring mail.
You bump into the stone wall.
Something barely misses you. Something bites you but does no damage.
Found a box of beasts.
Something barely misses you. Something bites you but does no damage.
Something hits you!
* * * LOW HITPOINT WARNING * * *
Something barely misses you.
You sock something! Your punch misses something.
Something draws life force from you!
You die...

...#..).#########
......)........8#
......#.........#
8....##...##''###
######...##....##
8.......##......##
8......8#...##...#
#########..# ##{.#
#.. ##.@# #8.
#...# ##[}..[!##
##8[!8## #####


There were no monsters in sight!

Vanquished Creatures
  A two-headed ogre (D:9)
  A gargoyle (Bailey)
  A queen bee (D:9)
  Grinder (D:4)
  The ghost of brknglss the Sneak, an amateur OpCj (D:4)
  2 unseen horror simulacra (D:9)
  19 yaks
  Edmund (D:4)
  3 water moccasins
  An acid dragon (D:9)
  An orc warrior (D:7)
  2 sky beasts
  2 ogres
  2 centaurs (D:8)
  A phantom (D:5)
  3 kobold brigands
  2 necrophages
  4 scorpions
  2 bullfrogs
  30 killer bees (D:9)
  9 vampire bats (Bailey)
  4 howler monkeys (D:8)
  6 wolf zombies (Bailey)
  4 crimson imps (D:7)
  A jelly (D:5)
  3 hounds
  Crazy Yiuf (D:3)
  6 orc priests
  Natasha (D:3)
  3 iguanas
  6 orc wizards
  A centaur simulacrum (D:9)
  Robin (D:3)
  4 gnolls (D:3)
  3 adders
  23 orc zombies (Bailey)
  A shadow imp (D:6)
  2 white imps
  2 ufetubi
  4 worms
  10 dart slugs
  40 orcs
  16 ball pythons
  4 endoplasms
  3 giant cockroaches
  25 goblins
  14 hobgoblins
  25 kobolds
  4 quokkas
  12 bats
  7 frilled lizards
  6 rats
331 creatures vanquished.

Vanquished Creatures (others)
  An orc wizard (D:7)
  2 plants (D:4)
3 creatures vanquished.

Grand Total: 334 creatures vanquished

Notes
Turn   | Place    | Note
-------+----------+-------------------------------------------
     0 | D:1      | themarg the Minotaur Monk began the quest for the Orb.
     0 | D:1      | Reached XP level 1. HP: 19/19 MP: 0/0
   106 | D:1      | Reached skill level 4 in Fighting
   106 | D:1      | Reached XP level 2. HP: 27/27 MP: 1/1
   435 | D:1      | Reached XP level 3. HP: 35/35 MP: 2/2
   541 | D:1      | Reached skill level 5 in Fighting
  1130 | D:2      | Reached XP level 4. HP: 44/44 MP: 3/3
  1199 | D:2      | Found a faded altar of an unknown god.
  1560 | D:3      | Noticed a necrophage
  1563 | D:3      | Reached skill level 6 in Fighting
  1572 | D:3      | Killed a necrophage
  1573 | D:3      | Reached XP level 5. HP: 48/51 MP: 4/4
  1667 | D:3      | Reached skill level 7 in Fighting
  1778 | D:3      | You fall into a shaft and drop 3 floors!
  1821 | D:5      | Entered Level 5 of the Dungeon
  1830 | D:5      | Reached skill level 8 in Fighting
  1830 | D:5      | Reached XP level 6. HP: 22/61 MP: 5/5
  2041 | D:5      | Reached skill level 9 in Fighting
  2247 | D:4      | Reached XP level 7. HP: 70/70 MP: 6/6
  2397 | D:4      | Reached skill level 10 in Fighting
  2604 | D:3      | Noticed Robin
  2618 | D:3      | Killed Robin
  2711 | D:3      | Found a broken altar of Ashenzari.
  2838 | D:3      | Found a runed translucent door.
  2839 | D:3      | Noticed Crazy Yiuf
  2846 | D:3      | Killed Crazy Yiuf
  3060 | D:3      | Noticed Natasha
  3066 | D:3      | Killed Natasha
  3365 | D:4      | Found a runed translucent gate.
  3383 | D:4      | Noticed Edmund
  3391 | D:4      | Identified the +9 mace of the Keeping Priest {antimagic,
                  | rPois rC- rCorr Dex+3}
  3392 | D:4      | Noticed brknglss's ghost (amateur OpCj)
  3394 | D:4      | Noticed Grinder
  3396 | D:4      | Killed Edmund
  4046 | D:4      | Killed Grinder
  4047 | D:4      | Reached skill level 5 in Dodging
  4047 | D:4      | Reached XP level 8. HP: 51/81 MP: 7/7
  4136 | D:4      | Found a runed translucent gate.
  4136 | D:4      | Found a runed translucent gate.
  4218 | D:4      | Reached skill level 11 in Fighting
  4854 | D:6      | Reached skill level 5 in Armour
  5192 | D:6      | Reached skill level 12 in Fighting
  5304 | D:6      | Found a white marble altar of Elyvilon.
  5593 | D:7      | Found a staircase to the Ecumenical Temple.
  5599 | Temple   | Entered the Ecumenical Temple
  5670 | Temple   | Became a worshipper of Warmaster Okawaru
  5670 | Temple   | Reached * piety under Okawaru
  5670 | Temple   | Reached ** piety under Okawaru
  6055 | D:7      | Reached skill level 1 in Invocations
  6151 | D:7      | Reached XP level 9. HP: 89/91 MP: 9/9
  6199 | D:7      | HP: 2/91 [orc warrior/+0 glaive (10)]
  6305 | D:7      | Found a runed translucent gate.
  6305 | D:7      | Found a runed translucent gate.
  6305 | D:7      | Found a runed translucent gate.
  6308 | D:7      | Found an opulent altar of Gozag.
  6309 | D:7      | Noticed glaedl's ghost (novice DrBe)
  6403 | D:7      | Found a shimmering altar of Xom.
  6508 | D:7      | Found Duvirat's Weapon Shoppe.
  6782 | D:8      | Reached skill level 13 in Fighting
  6784 | D:8      | Reached *** piety under Okawaru
  6805 | D:8      | Reached skill level 5 in Invocations
  6859 | D:8      | Found a glowing golden altar of the Shining One.
  6965 | D:8      | Found Voen's Assorted Antiques.
  6990 | D:8      | Bought a scroll of identify for 50 gold pieces
  7043 | D:8      | Found a blossoming altar of Fedhas.
  7071 | D:8      | Found a glowing silver altar of Zin.
  7108 | D:8      | Reached skill level 14 in Fighting
  7558 | D:9      | Found a transporter.
  7571 | D:9      | Noticed SprigganGuy's ghost (journeyman VSBr)
  7666 | D:9      | Received a gift from Okawaru
  7694 | D:9      | Found a transporter.
  7701 | D:9      | Reached XP level 10. HP: 91/103 MP: 13/13
  7703 | D:9      | Reached **** piety under Okawaru
  7744 | D:9      | Reached skill level 1 in Throwing
  7747 | D:9      | Reached skill level 1 in Evocations
  8215 | D:9      | Reached ***** piety under Okawaru
  8370 | D:9      | Noticed a two-headed ogre
  8379 | D:9      | Killed a two-headed ogre
  8380 | D:9      | Reached skill level 15 in Fighting
  8553 | D:9      | Reached XP level 11. HP: 106/112 MP: 15/15
  8815 | D:4      | Received a gift from Okawaru
  8830 | D:4      | Killed brknglss's ghost
  9050 | D:8      | Bought a potion of haste for 250 gold pieces
  9080 | D:10     | Entered Level 10 of the Dungeon
  9120 | D:10     | Found a flagged portal.
  9146 | Bailey   | Entered a bailey
  9212 | Bailey   | Received a gift from Okawaru
  9219 | Bailey   | Reached skill level 5 in Throwing
  9234 | Bailey   | Reached skill level 1 in Axes
  9430 | Bailey   | Got the Dissertation on the Vile Spider
  9466 | Bailey   | Found the -2 hat of the Alchemist {rElec rPois rF+ rC+ rN+
                  | Will+ rMut rCorr}
  9496 | Bailey   | HP: 3/112 [something (14)]
  9497 | Bailey   | Killed from afar by a vampire

Illustrated notes

Levels and vault maps discovered:
D:1:      roderic_chinese_lattice_arrival, layout_basic, minmay_misc_feat_five,
          st_stairs_9
D:2:      minmay_diamond_boxcup, layout_basic,
          hellmonk_ecumenical_altar_prayer_group
D:3:      kennysheep_slugbush, layout_basic, ashenzari_conservatory_becter,
          uniq_crazy_yiuf_cottage, uniq_robin, uniq_natasha
D:4:      layout_rooms, biasface_ghost_orc_armoury,
          chequers_serial_rivers_small_b, nicolae_zen_rock_garden, uniq_edmund,
          uniq_grinder
D:5:      layout_basic
D:6:      nicolae_cairo_tiling_large, layout_basic, lemuel_doored_altar
D:7:      layout_basic, led_xom_imps, temple_green, ebering_ghost_gozag,
          serial_shops, nicolae_shop_bloodbath_and_beyond, roderic_batcave,
          hangedman_decor_opposing
D:8:      layout_basic, mainiacjoe_overflow_alcove_1,
          mainiacjoe_overflow_large_starburst, serial_shops, shop_fountains
D:9:      layout_roguey [special_room_bee], gammafunk_ghost_stat_death,
          serial_ice, serial_ice_f, serial_ice_a, serial_ice_b, serial_ice_l
D:10:     layout_loops_cross, david_orc_3, enter_bailey_4
Temple:   eino_temple_rhombus
Bailey:   bailey_polearm_vampire_castle_hellmonk, bailey

Skill      XL: |  1  2  3  4  5  6  7  8  9 10 11 |
---------------+----------------------------------+-----
Fighting       | 4 5 6 8 9 10 12 14 15 | 15.0
Stealth        | 2 |  2.0
Dodging        | 5 |  5.0
Armour         | 2 5 |  5.0
Invocations    | 1 6 7 8 |  8.2
Throwing       | 4 5 |  5.0
Evocations     | 4 |  4.8
Axes           | 1 |  1.8
Maces & Flails | |  3.6

Action                   |  1- 3 |  4- 6 |  7- 9 | 10-12 || total
-------------------------+-------+-------+-------+-------++-------
Melee: Mace              |    87 |    88 |   366 |   274 ||   815
       Punch             |     3 |       |     2 |     6 ||    11
       Headbutt          |     8 |    15 |    69 |    54 ||   146
Throw: Stone             |       |    10 |       |       ||    10
Invok: Heroism           |       |       |       |     3 ||     3
       Finesse           |       |       |       |     1 ||     1
Evoke: Wand              |       |       |     1 |       ||     1
  Use: Scroll            |       |       |    11 |     5 ||    16
       Potion            |       |       |       |     4 ||     4
 Stab: Sleeping          |     1 |       |     1 |       ||     2
Armor: Robe              |     6 |       |       |       ||     6
       Scale mail        |    15 |    34 |   103 |       ||   152
       Leather armour    |     5 |       |       |       ||     5
       Skin              |       |       |     2 |       ||     2
       Ring mail         |       |       |    71 |   125 ||   196
Dodge: Dodged            |    59 |    55 |   227 |   239 ||   580

Table legend: (Time is in decaauts)
 A = Elapsed time spent in this place.
 B = Non-inter-level travel time spent in this place.
 C = Inter-level travel time spent in this place.
 D = Time resting spent in this place.
 E = Time spent auto-exploring this place.
 F = Levels seen in this place.
 G = Mean time per level.
                   A        B        C        D        E       F      G
               +--------+--------+--------+--------+--------+-----+--------+
         Total |   9688 |   9116 |    572 |   1288 |   5454 |  12 |  807.3 |
       Dungeon |   9099 |   8535 |    564 |   1235 |   5232 |  10 |  909.9 |
        Temple |    227 |    219 |      8 |      0 |    201 |   1 |  227.0 |
        Bailey |    361 |    361 |      0 |     53 |     21 |   1 |  361.0 |
               +--------+--------+--------+--------+--------+-----+--------+

Top non-repeatable levels by time:
     D:3: 1366 daAuts
     D:9: 1230 daAuts
     D:7: 1106 daAuts
     D:4: 1091 daAuts
     D:5: 925 daAuts
     D:8: 924 daAuts
     D:2: 905 daAuts
     D:6: 758 daAuts
     D:1: 718 daAuts
  Bailey: 361 daAuts
  Temple: 227 daAuts
    D:10: 72 daAuts
